General information
- name: BNet
- type: Ladder 1vs1/FFA
- host: Battle.net
- saver: Lovefool
map: BrokenShard
- players: 2
- length: 28:08
- speed: Fast
- version: 1.23 W3XP
- replay type: Public
» download(92 KB)
Players
team 1 (loser)
the_scourge (
pink | 69 APM | 1937 actions | 28:06)
4 Death Knight
2 Death Coil
2 Unholy Aura
3 Lich
2 Frost Nova
1 Frost Armor
» actions
| Assign group hotkey | 32 | |
| Build / train | 87 | |
| ESC pressed | 1 | |
| Enter build submenu | 26 | |
| Enter hero's abilities submenu | 7 | |
| Give item / drop item | 5 | |
| Right click | 887 | |
| Select / deselect | 517 | |
| Select group hotkey | 259 | |
| Use ability | 116 | |
1937 total
» units
| Acolyte | 14 | |
| Ghoul | 4 | |
| Crypt Fiend | 16 | |
| Obsidian Statue | 6 | |
40 total
» upgrades
» buildings
| Graveyard | 1 | |
| Crypt | 2 | |
| Altar of Darkness | 1 | |
| Ziggurat | 10 | |
| Tomb of Relics | 1 | |
| Nerubian Tower | 2 | |
| Halls of the Dead | 2 | |
| Slaughterhouse | 2 | |
| Spirit Tower | 10 | |
| Black Citadel | 2 | |
| Necropolis | 1 | |
| Sacrificial Pit | 1 | |
| Boneyard | 1 | |
36 total
» build order
00:09 Graveyard
00:19 Crypt
00:43 Altar of Darkness
00:59 Ziggurat
01:13 Tomb of Relics
01:28 Ziggurat
01:51 Nerubian Tower
04:56 Halls of the Dead
05:04 Ziggurat
06:16 Ziggurat
07:22 Slaughterhouse
09:07 Ziggurat
10:22 Spirit Tower
11:05 Black Citadel
12:42 Slaughterhouse
13:38 Necropolis
13:56 Crypt
15:22 Ziggurat
15:24 Halls of the Dead
16:49 Spirit Tower
17:49 Ziggurat
18:05 Ziggurat
18:34 Sacrificial Pit
18:47 Spirit Tower
18:47 Spirit Tower
19:08 Spirit Tower
19:08 Spirit Tower
19:08 Spirit Tower
19:50 Ziggurat
20:21 Ziggurat
21:19 Nerubian Tower
21:21 Spirit Tower
21:24 Black Citadel
21:48 Spirit Tower
24:31 Boneyard
» items
| Rod of Necromancy | 2 | |
| Dust of Appearance | 4 | |
| Scroll of Town Portal | 4 | |
| Potion of Lesser Invulnerability | 1 | |
| Sacrificial Skull | 1 | |
| Orb of Corruption | 1 | |
| Potion of Mana | 1 | |
| Potion of Healing | 1 | |
15 total
team 2 (winner)
Lovefool (
blue | 84 APM | 2358 actions | 28:08)
5 Blademaster
3 Wind Walk
2 Critical Strike
4 Shadow Hunter
2 Hex
2 Healing Wave
» actions
| Assign group hotkey | 138 | |
| Basic commands | 111 | |
| Build / train | 94 | |
| ESC pressed | 3 | |
| Enter build submenu | 29 | |
| Enter hero's abilities submenu | 9 | |
| Give item / drop item | 5 | |
| Right click | 1253 | |
| Select / deselect | 362 | |
| Select group hotkey | 213 | |
| Use ability | 141 | |
2358 total
» units
| Peon | 19 | |
| Grunt | 1 | |
| Raider | 6 | |
| Tauren | 8 | |
| Shaman | 3 | |
37 total
» upgrades
| Melee Weapons | 3 | |
| Ensnare | 1 | |
| Pillage | 1 | |
| Pulverize | 1 | |
| Armor | 2 | |
| Shaman Training | 2 | |
10 total
» buildings
| Altar of Storms | 1 | |
| Orc Burrow | 7 | |
| Barracks | 1 | |
| Voodoo Lounge | 1 | |
| Stronghold | 1 | |
| War Mill | 1 | |
| Watch Tower | 4 | |
| Beastiary | 2 | |
| Fortress | 1 | |
| Great Hall | 2 | |
| Tauren Totem | 2 | |
| Spirit Lodge | 2 | |
25 total
» build order
00:07 Altar of Storms
00:11 Orc Burrow
00:51 Barracks
01:31 Voodoo Lounge
02:12 Orc Burrow
03:24 Stronghold
03:50 War Mill
05:12 Watch Tower
05:15 Watch Tower
06:09 Beastiary
06:11 Beastiary
07:07 Orc Burrow
07:26 Orc Burrow
09:05 Watch Tower
11:26 Fortress
12:39 Great Hall
13:49 Watch Tower
14:07 Orc Burrow
14:10 Orc Burrow
14:12 Tauren Totem
14:16 Tauren Totem
15:07 Orc Burrow
19:45 Great Hall
21:20 Spirit Lodge
23:25 Spirit Lodge
» items
| Healing Salve | 7 | |
| Lesser Clarity Potion | 5 | |
| Scroll of Speed | 4 | |
| Boots of Speed | 1 | |
| Staff of Teleportation | 1 | |
| Potion of Lesser Invulnerability | 1 | |
| Scroll of Town Portal | 5 | |
| Potion of Healing | 4 | |
| Potion of Mana | 2 | |
| Orb of Lightning | 1 | |
31 total
Chat log
(12:09 / All) Lovefool: only 2 gloves stack on a hero
(12:16 / All) Lovefool: thought i saw 3 ;3
(12:36 / All) the_scourge: ty
(12:42 / All) Lovefool: anytime
(13:42 / All) Lovefool: wow can't believe that lived
(13:50 / All) Lovefool: nice
(21:30 / All) Lovefool: how does one break ud towers
(24:37 / All) Lovefool: holy shit
(24:39 / All) Lovefool: when did u get this
(25:21 / All) Lovefool: this feels like an RT
(25:25 / All) Lovefool: with how many tauren i got
(25:46 / All) Lovefool: gotta watch this replay after